 Dungeon Crawl Stone Soup version 0.28.0-53-g5a82cb258f (webtiles) character file.

Game seed: 5278534376995634190

65690 MiltankisOP the Destroyer (level 14, -5/110 HPs)
             Began as a Yellow Draconian Earth Elementalist on June 23, 2022.
             Was the Champion of Zin.
             Slain by a sun demon (14 damage)
             ... summoned by a kobold demonologist
             ... on level 10 of the Dungeon on June 24, 2022.
             The game lasted 01:26:24 (31316 turns).

MiltankisOP the Destroyer (DrEE)                   Turns: 31316, Time: 01:26:24

Health: -5/110     AC: 10    Str: 10    XL:     14   Next: 76%
Magic:  18/30      EV: 17    Int: 20    God:    Zin [******]
Gold:   758        SH:  0    Dex: 13    Spells: 28/37 levels left

rFire   . . .      SeeInvis .   G - +3 short sword (protect)
rCold   . . .      Faith    .   (no shield)
rNeg    . . .      Spirit   .   (armour unavailable)
rPois   .          Reflect  .   (helmet restricted)
rElec   .          Harm     .   H - +0 cloak
rCorr   +          Rampage  .   E - +0 pair of gloves
Will    +++..                   (no boots)
Stlth   ++........              R - amulet of regeneration
HPRegen 1.08/turn               l - ring of willpower
MPRegen 0.22/turn               N - ring of willpower

@: no status effects
A: spit acid, AC +8, unfitting armour, acidic bite, cold-blooded, acid
resistance
a: Breathe Acid, Renounce Religion, Recite, Vitalisation, Imprison, Sanctuary,
Donate Gold


You were on level 10 of the Dungeon.
You worshipped Zin.
Zin was exalted by your worship.
You visited 4 branches of the dungeon, and saw 20 of its levels.

You collected 2112 gold pieces.
You spent 487 gold pieces at shops.
You donated 867 gold pieces to Zin.

Inventory:

Hand Weapons
 G - a +3 short sword of protection (weapon)
Missiles
 L - 2 throwing nets
 O - 19 stones
Armour
 E - a +0 pair of gloves (worn)
 H - a +0 cloak (worn)
 M - a +0 pair of boots
Jewellery
 l - a ring of willpower (left hand)
 J - a +6 ring of dexterity
 N - a ring of willpower (right hand)
 P - a +4 ring of evasion
 R - an amulet of regeneration (around neck)
 T - a ring of protection from cold
Wands
 b - a wand of digging (16)
 n - a wand of paralysis (4)
 r - a wand of mindburst (11)
 v - a wand of iceblast (23)
 B - a wand of acid (8)
 F - a wand of flame (18)
Scrolls
 e - 9 scrolls of teleportation
 f - 5 scrolls of fear
 g - 2 scrolls of torment
 i - 5 scrolls of magic mapping
 j - 2 scrolls of summoning
 k - a scroll of enchant armour
 p - a scroll of immolation
 q - a scroll of blinking
 s - 2 scrolls of enchant weapon
 t - 3 scrolls of amnesia
 u - a scroll of noise
 x - 3 scrolls of fog
 y - a scroll of holy word
 D - 2 scrolls of vulnerability
 K - a scroll of brand weapon
Potions
 a - 3 potions of brilliance
 c - 5 potions of might
 d - a potion of ambrosia
 h - 4 potions of heal wounds
 m - 2 potions of cancellation
 o - 5 potions of degeneration
 w - 2 potions of flight
 z - 4 potions of lignification
 A - 4 potions of curing
 C - 3 potions of mutation
 I - 3 potions of magic
 Q - 2 potions of invisibility
 S - a potion of berserk rage


   Skills:
 - Level 6.0 Fighting
 - Level 11.1 Dodging
 - Level 1.7 Stealth
 - Level 12.0 Spellcasting
 + Level 14.2 Conjurations
 - Level 1.0 Transmutations
 - Level 11.1 Earth Magic
 - Level 9.1 Invocations


You had 28 spell levels left.
You knew the following spells:

 Your Spells              Type           Power      Damage    Failure   Level
a - Sandblast             Erth           100%       2d20      1%          1
b - Stone Arrow           Conj/Erth      100%       3d13      1%          3
c - Iskenderun's Battles  Conj           62%        2d11      1%          5

Your spell library contained the following spells:

 Spells                   Type           Power      Damage    Failure   Level
 Foxfire                  Conj/Fire      100%       2x1d9     1%          1
 Passwall                 Tmut/Erth      30%        N/A       1%          2
 Conjure Flame            Conj/Fire      40%        6-21      1%          3
 Flame Wave               Conj/Fire      40%        2d9       3%          4
 Petrify                  Tmut/Erth      36%        N/A       4%          4
 Animate Skeleton         Necr           24%        N/A       5%          1
 Apportation              Tloc           24%        N/A       5%          1
 Summon Small Mammal      Summ           48%        N/A       5%          1
 Corpse Rot               Necr/Air       24%        N/A       9%          2
 Fireball                 Conj/Fire      20%        3d10      9%          5
 Orb of Destruction       Conj           31%        9d10      14%         7
 Gell's Gravitas          Tloc           12%        N/A       17%         3
 Inner Flame              Hex/Fire       12%        N/A       17%         3
 Teleport Other           Tloc           12%        N/A       17%         3
 Conjure Ball Lightning   Conj/Air       20%        3x3d6     43%         6
 Starburst                Conj/Fire      20%        6d7       43%         6
 Dispel Undead            Necr           12%        3d9       50%         4
 Death Channel            Necr           6%         N/A       100%        6
 Dispersal                Tloc           6%         N/A       100%        6
 Ignition                 Fire           6%         3d4       100%        8


Dungeon Overview and Level Annotations

Branches:
Dungeon (11/15)            Temple (1/1) D:6            Lair (6/6) D:10
 Shoals (0/4) Lair:2        Snake (0/4) Lair:2        Slime (0/5) Lair:5
    Orc (2/2) D:9             Elf (0/3) Orc:2

Altars:
Ashenzari
Cheibriados
Dithmenos
Elyvilon
Fedhas
Gozag
Hepliaklqana
Kikubaaqudgha
Makhleb
Nemelex Xobeh
Okawaru
Qazlal
Ru
Sif Muna
Trog
Uskayaw
Vehumet
Wu Jian
Xom
Yredelemnul
Zin
The Shining One
Jiyva

Shops:
D:10 *   Orc:2 ?:*!

Annotations:
D:6 1 runed translucent door, WilliamBlazkowicz's ghost, novice DrBe
D:10 2 transporters
Lair:5 1 runed translucent door


Innate Abilities, Weirdness & Mutations

You can spit globs of acid.
Your golden yellow scales are hard. (AC +8)
You cannot fit into any form of body armour.
You have acidic saliva.
You are cold-blooded and may be slowed by cold attacks.
You are resistant to acid. (rCorr)


Message History

Reactivating autopickup.
There is a stone staircase leading down here.
The tengu warrior hits you with a +0 battleaxe!
The tengu warrior misses you.
The tengu warrior claws you but does no damage.
The kobold demonologist casts a spell.
The tengu warrior hits you with a +0 battleaxe!
The tengu warrior closely misses you.
The tengu warrior claws you but does no damage.
The sun demon misses you. The sun demon hits you!!
You are engulfed in flames!!
The tengu warrior misses you. x2; The tengu warrior claws you.
Casting: Stone Arrow (safe; 1% risk of failure)
Confirm with . or Enter, or press ? or * to list all spells.
Aiming: Stone Arrow (safe; 1% risk of failure)
Press: ? - help, Shift-Dir - straight line, f - sun demon
Aim: a sun demon (summoned, 72% to hit)
The stone arrow hits the sun demon!!
The sun demon is moderately wounded.
The sun demon barely misses you.
Unknown command.
Casting: Stone Arrow (safe; 1% risk of failure)
Confirm with . or Enter, or press ? or * to list all spells.
Aiming: Stone Arrow (safe; 1% risk of failure)
Press: ? - help, Shift-Dir - straight line, f/p - sun demon
Aim: a sun demon (moderately wounded, summoned, 72% to hit)
The stone arrow hits the sun demon.
The sun demon is heavily wounded.
The sun demon hits you!!
* * * LOW HITPOINT WARNING * * *
You are engulfed in flames!
* * * LOW HITPOINT WARNING * * *
You feel much better. The sun demon hits you.
* * * LOW HITPOINT WARNING * * *
You are engulfed in flames!
* * * LOW HITPOINT WARNING * * *
The sun demon hits you!
* * * LOW HITPOINT WARNING * * *
You are engulfed in flames!
You die...

....#.....############
....#..<..'..........#
....#.....#..........#
....#.....#..........#
....#.....#..######..#
....#.....#'###.###..#
....#.....#...#......#
....#.....#...#......#
....#.....######@##..#
....#####......#3#####
........'......#QK...#
........#......#.....#
#..###.##......#.....#
#.....P........#.....#
.....###.......#.....#
.....#.#.......#.....#
PP.....#.......###...#


You could see a tengu warrior, a sun demon (summoned) and a kobold demonologist.

Vanquished Creatures
  Nessos (Lair:5)
  A fire dragon (Lair:6)
  Fannar (Lair:2)
  A boulder beetle (Lair:3)
  8 hydras
  A centaur warrior (D:11)
  A catoblepas (Lair:3)
  2 two-headed ogres
  9 death yaks
  5 orc high priests
  A swamp dragon (Lair:6)
  4 orc knights
  4 orc sorcerers (Orc:2)
  A wolf spider (Lair:6)
  A cyclops (Orc:1)
  Maurice (D:10)
  A guardian serpent (Lair:6)
  11 black mambas
  4 elephants (Lair:4)
  12 cane toads
  A torpor snail (Lair:5)
  An unseen horror (D:9)
  8 komodo dragons
  2 rime drakes
  A kobold demonologist (D:11)
  3 trolls
  3 polar bears (Lair:1)
  3 hornets
  8 dream sheep (Lair:5)
  17 blink frogs
  A shadow (D:9)
  12 wyverns
  7 basilisks
  34 yaks
  4 redbacks (Lair:6)
  5 steam dragons
  3 wargs
  Edmund (D:4)
  3 nagas (Lair:2)
  An acid dragon (Lair:6)
  24 water moccasins
  A swamp drake (Lair:6)
  2 black bears
  26 orc warriors
  11 ogres
  41 wolves
  5 centaurs
  3 kobold brigands (D:9)
  18 bullfrogs
  5 gnoll sergeants
  A wyvern zombie (D:9)
  2 scorpions
  A wyvern skeleton (D:6)
  13 killer bees
  A water moccasin skeleton (D:7)
  2 howler monkeys
  A troll skeleton (D:9)
  5 spriggan skeletons (D:9)
  A crimson imp (D:10)
  2 centaur zombies
  14 orc priests
  5 hounds
  2 jellies (D:6)
  A gnoll shaman (D:7)
  A centaur skeleton (D:6)
  7 iguanas
  20 orc wizards
  2 hell rats (Lair:4)
  A killer bee zombie (D:7)
  A hound zombie (D:5)
  A howler monkey zombie (D:11)
  17 gnolls
  3 river rats (Lair:4)
  3 adders
  A shadow imp (D:8)
  A white imp (D:10)
  2 ufetubi (D:5)
  2 worms
  3 dart slugs (D:2)
  55 orcs
  6 ball pythons
  7 bats
  3 endoplasms
  2 giant cockroaches
  5 hobgoblins
  19 jackals
  14 kobolds
  2 quokkas
  4 frilled lizards (D:1)
  7 goblins
  12 rats
576 creatures vanquished.

Vanquished Creatures (collateral kills)
  A troll (Orc:1)
  3 orc warriors (Orc:1)
  2 orc wizards (Orc:1)
  3 orcs (Orc:1)
9 creatures vanquished.

Vanquished Creatures (others)
  A stone giant (D:11)
  An orc wizard (Orc:2)
  An orc (Orc:2)
  2 bushes (Lair:5)
  77 fungi
  127 plants
209 creatures vanquished.

Grand Total: 794 creatures vanquished

Notes
Turn   | Place    | Note
-------+----------+-------------------------------------------
     0 | D:1      | MiltankisOP the Draconian Earth Elementalist began the
                  | quest for the Orb.
     0 | D:1      | Reached XP level 1. HP: 14/14 MP: 3/3
   332 | D:1      | Reached skill level 1 in Conjurations
   366 | D:1      | Reached XP level 2. HP: 20/20 MP: 3/5
  1127 | D:2      | Reached XP level 3. HP: 26/26 MP: 3/6
  1304 | D:2      | Reached skill level 2 in Conjurations
  1460 | D:2      | Noticed a black bear
  1473 | D:2      | Killed a black bear
  1474 | D:2      | Reached skill level 3 in Conjurations
  1474 | D:2      | Reached XP level 4. HP: 25/33 MP: 0/7
  1615 | D:2      | Reached XP level 5. HP: 33/38 MP: 6/8
  2494 | D:2      | Found a faded altar of an unknown god.
  2868 | D:3      | Found a blossoming altar of Fedhas.
  3254 | D:4      | Reached skill level 5 in Earth Magic
  3296 | D:4      | Reached skill level 4 in Conjurations
  3437 | D:4      | Noticed Edmund
  3452 | D:4      | Killed Edmund
  3453 | D:4      | Reached XP level 6. HP: 27/45 MP: 1/9
  4251 | D:5      | Entered Level 5 of the Dungeon
  4402 | D:5      | Reached skill level 5 in Conjurations
  4450 | D:5      | Your scales start taking on a golden yellow colour.
  4450 | D:5      | Reached XP level 7. HP: 50/50 MP: 6/10
  4450 | D:5      | Gained mutation: You are resistant to acid. (rCorr) [Yellow
                  | Draconian growth]
  4627 | D:5      | Learned a level 3 spell: Stone Arrow
  5760 | D:6      | Reached skill level 5 in Spellcasting
  5760 | D:6      | Reached XP level 8. HP: 57/57 MP: 10/15
  6290 | D:6      | Found a staircase to the Ecumenical Temple.
  6302 | Temple   | Entered the Ecumenical Temple
  6462 | Temple   | Became a worshipper of Zin the Law-Giver
  6462 | Temple   | Reached * piety under Zin
  6984 | D:6      | Found a runed translucent door.
  6985 | D:6      | Found a shimmering altar of Xom.
  6985 | D:6      | Noticed WilliamBlazkowicz's ghost (novice DrBe)
  6987 | D:6      | Noticed a +2 long sword of chaos
  7335 | D:7      | Donated 143 gold pieces to Zin
  7339 | D:7      | Reached ** piety under Zin
  7448 | D:7      | Reached XP level 9. HP: 57/62 MP: 1/21
  8771 | D:9      | Found a hazy altar of Hepliaklqana.
  8806 | D:9      | Reached skill level 10 in Spellcasting
  9172 | D:9      | Reached *** piety under Zin
  9614 | D:9      | Found a shadowy altar of Dithmenos.
  9891 | D:9      | Reached XP level 10. HP: 69/69 MP: 18/25
 10497 | D:9      | Found a staircase to the Orcish Mines.
 10511 | D:9      | Reached skill level 1 in Fighting
 10953 | D:9      | Reached skill level 5 in Fighting
 11114 | D:10     | Entered Level 10 of the Dungeon
 11156 | D:10     | Found a staircase to the Lair.
 11158 | D:10     | Donated 149 gold pieces to Zin
 11405 | D:10     | Noticed Maurice
 11419 | D:10     | Killed Maurice
 11524 | D:10     | Reached **** piety under Zin
 11549 | D:10     | Noticed a two-headed ogre
 11560 | D:10     | Killed a two-headed ogre
 11706 | D:10     | Found an ancient bone altar of Kikubaaqudgha.
 11734 | D:10     | Found Cingisk's General Store.
 11739 | D:10     | Bought a scroll of identify for 32 gold pieces
 11739 | D:10     | Bought a potion of might for 64 gold pieces
 11762 | D:10     | Reached skill level 5 in Invocations
 11814 | D:10     | Found a transporter.
 11818 | D:10     | Found a transporter.
 11818 | D:10     | Noticed a yaktaur captain
 11818 | D:10     | Noticed a centaur warrior
 11822 | D:10     | Noticed a skeletal warrior
 11828 | D:10     | Found a burning altar of Makhleb.
 12451 | D:11     | Reached XP level 11. HP: 89/89 MP: 19/27
 12566 | D:11     | Noticed a two-headed ogre
 12569 | D:11     | Noticed a centaur warrior
 12583 | D:11     | Killed a two-headed ogre
 12647 | D:11     | Killed a centaur warrior
 12739 | D:11     | Noticed an ettin
 12791 | Lair:1   | Entered Level 1 of the Lair of Beasts
 13081 | Lair:1   | Noticed an eight-headed hydra
 13087 | Lair:1   | Killed an eight-headed hydra
 13211 | Lair:1   | Reached ***** piety under Zin
 13622 | Lair:1   | Noticed a five-headed hydra
 13693 | Lair:1   | Killed a five-headed hydra
 13694 | Lair:1   | Reached skill level 5 in Dodging
 14769 | Lair:2   | Noticed Fannar
 14775 | Lair:2   | Killed Fannar
 15257 | Lair:1   | Reached XP level 12. HP: 66/96 MP: 0/28
 15683 | Lair:2   | Found a staircase to the Snake Pit.
 16798 | Lair:2   | Found a staircase to the Shoals.
 17251 | Lair:3   | Reached skill level 10 in Dodging
 17790 | Lair:3   | Noticed a catoblepas
 17848 | Lair:3   | Killed a catoblepas
 18158 | Lair:3   | Noticed a boulder beetle
 18178 | Lair:3   | Killed a boulder beetle
 19510 | Lair:3   | Reached XP level 13. HP: 102/102 MP: 22/29
 21096 | Lair:5   | Reached skill level 10 in Earth Magic
 21938 | Lair:4   | Learned a level 5 spell: Iskenderun's Battlesphere
 22138 | Lair:5   | Noticed Nessos
 22148 | Lair:5   | Killed Nessos
 22149 | Lair:5   | Reached skill level 6 in Conjurations
 22484 | Lair:4   | Reached skill level 7 in Conjurations
 22832 | Lair:5   | Found a runed translucent door.
 22833 | Lair:5   | Found a viscous altar of Jiyva.
 22836 | Lair:5   | Found a staircase to the Slime Pits.
 24024 | Lair:6   | Entered Level 6 of the Lair of Beasts
 24036 | Lair:6   | Reached skill level 8 in Conjurations
 24593 | Lair:6   | Noticed a fire dragon
 24600 | Lair:6   | Killed a fire dragon
 24603 | Lair:6   | Reached skill level 9 in Conjurations
 24974 | Lair:6   | Reached ****** piety under Zin
 25337 | Lair:6   | Reached skill level 10 in Conjurations
 25498 | Lair:6   | Gained mutation: You have acidic saliva. [Yellow Draconian
                  | growth]
 25498 | Lair:6   | Reached XP level 14. HP: 110/110 MP: 6/30
 26240 | Lair:6   | Reached skill level 11 in Conjurations
 27509 | Lair:5   | Donated 365 gold pieces to Zin
 27554 | Lair:6   | Reached skill level 12 in Conjurations
 28493 | Orc:1    | Entered Level 1 of the Orcish Mines
 28861 | Orc:2    | Entered Level 2 of the Orcish Mines
 29001 | Orc:2    | Found a radiant altar of Vehumet.
 29532 | Orc:2    | Reached skill level 13 in Conjurations
 30406 | Orc:2    | Found Gaosoow's Distillery.
 30406 | Orc:2    | Found Ysavic's Magic Scroll Emporium.
 30413 | Orc:2    | Found Nanaghyw's General Store.
 30413 | Orc:2    | Found Diacapla's Book Emporium.
 30466 | Orc:2    | Bought a scroll of magic mapping for 56 gold pieces
 30469 | Orc:2    | Bought a scroll of enchant armour for 75 gold pieces
 30469 | Orc:2    | Bought a scroll of fog for 20 gold pieces
 30469 | Orc:2    | Bought a scroll of brand weapon for 200 gold pieces
 30469 | Orc:2    | Bought a scroll of identify for 20 gold pieces
 30469 | Orc:2    | Bought a scroll of identify for 20 gold pieces
 30524 | Orc:2    | Found a staircase to the Elven Halls.
 30728 | Orc:1    | Reached skill level 14 in Conjurations
 31095 | D:11     | Noticed a stone giant
 31101 | D:11     | Paralysed by a hornet for 2 turns
 31109 | D:11     | Killed a stone giant
 31316 | D:10     | Slain by a sun demon

Illustrated notes

Levels and vault maps discovered:
D:1:      evilmike_arrival_grusome_pit, layout_basic
D:2:      layout_basic, hellmonk_ecumenical_altar_inner_sanctum
D:3:      layout_basic, lemuel_crystal_altar
D:4:      layout_loops_ring, hangedman_abyss_or_decor_lesser_grid, uniq_edmund
D:5:      layout_loops_ring
D:6:      layout_loops_cross, minmay_temple_entry_statues_pillars,
          ebering_ghost_xom
D:7:      layout_basic, minmay_misc_feat_roman, chequers_arboretum,
          glass_columns_a
D:8:      layout_gridville, minmay_statues_item
D:9:      layout_basic, mainiacjoe_overflow_tiny_flanked,
          grunt_dithmenos_shadows, kennysheep_orc_monster_closet_entryway,
          hangedman_tell_no_tales
D:10:     layout_gridville, kiku_gazebo_garden_becter,
          gammafunk_temple_overflow_arena, david_lair_shrubbed, serial_shops,
          shop, minmay_fire_ice_demons, uniq_maurice
D:11:     minmay_complete_graph, layout_basic, minmay_increasing_density
Temple:   minmay_crystal_spiral_temple
Lair:1:   layout_cave_pods, serial_bayou_shore_b
Lair:2:   layout_long_grid, shoals_dummy_entry, guppyfry_snake_entry_island,
          grunt_megastairs_1, uniq_fannar
Lair:3:   layout_chaotic_city, st_stairs_8, lemuel_fruit_fields,
          infiniplex_staircase_pool_2
Lair:4:   layout_misc_corridors, st_stairs_6, kennysheep_abandoned_house,
          lemuel_fruit_tree, serial_bayou_shore_b, serial_bayou_shore_b,
          serial_bayou_shore_a
Lair:5:   layout_misc_corridors, slime_altar_2, gauntlet_entry_generic,
          uniq_nessos
Lair:6:   hangedman_lair_tendril_chambers, layout_regular_city,
          guppyfry_lair_end_dragon
Orc:1:    layout_caves
Orc:2:    grunt_orc_tribal_feast, layout_caves, basic_altar

Skill      XL: |  1  2  3  4  5  6  7  8  9 10 11 12 13 14 |
---------------+-------------------------------------------+-----
Conjurations   | 1 3 4 5 10 14 | 14.2
Earth Magic    | 4 5 6 8 11 | 11.1
Spellcasting   | 5 8 11 12 | 12.0
Fighting       | 6 |  6.0
Invocations    | 6 9 |  9.1
Dodging        | 7 11 | 11.1
Stealth        | |  1.7
Transmutations | |  1.0

Action                   |  1- 3 |  4- 6 |  7- 9 | 10-12 | 13-15 || total
-------------------------+-------+-------+-------+-------+-------++-------
Melee: Unarmed           |   104 |   152 |   103 |    23 |       ||   382
       Tailslap          |     9 |    20 |    16 |     6 |     6 ||    57
       Punch             |     1 |     4 |       |       |       ||     5
       Short sword       |       |       |       |    38 |    25 ||    63
       Bite              |       |       |       |       |     1 ||     1
 Cast: Sandblast         |    26 |    61 |    94 |   179 |   186 ||   546
       Stone Arrow       |       |       |    80 |   309 |   400 ||   789
       Iskenderun's Batt |       |       |       |       |     2 ||     2
Invok: Donate Gold       |       |       |     1 |     1 |     1 ||     3
 Abil: Breathe Acid      |       |       |     3 |    15 |    10 ||    28
Evoke: Wand              |       |     1 |     5 |     3 |    17 ||    26
  Use: Potion            |       |     1 |     1 |       |     5 ||     7
       Scroll            |       |       |       |     8 |    17 ||    25
 Stab: Sleeping          |     1 |     1 |     1 |       |       ||     3
Armor: Skin              |    45 |    56 |    65 |   120 |    81 ||   367
Dodge: Dodged            |    88 |   134 |   131 |   316 |   262 ||   931
